 Dungeon Crawl Stone Soup version 0.20.1-1-g8b1a95d (webtiles) character file.

85 dvd the Chiller (level 4, -2/34 HPs)
             Began as a Ghoul Ice Elementalist on Oct 13, 2017.
             Slain by a gnoll
             ... wielding a +0 halberd
              (6 damage)
             ... on level 3 of the Dungeon.
             The game lasted 00:07:36 (2571 turns).

dvd the Chiller (Ghoul Ice Elementalist)            Turns: 2571, Time: 00:07:37

Health: -2/34      AC:  2    Str: 11    XL:     4   Next: 48%
Magic:  1/6        EV: 12    Int: 11    God:
Gold:   67         SH:  0    Dex:  9    Spells: 2/8 levels left

rFire    . . .     SeeInvis .   n - +0 mace
rCold    + . .     Gourm    .   (no shield)
rNeg     + + +     Faith    .   a - +0 robe
rPois    ∞         Spirit   .   (no helmet)
rElec    .         Reflect  .   (no cloak)
rCorr    .         Harm     .   (no gloves)
MR       .....                  (no boots)
Stlth    ++........             (no amulet)
Regen    0.0/turn               (no ring)
MPRegen  0.1/turn               (no ring)

@: rotting
A: rotting body, claws 1, carnivore 3, cold resistance 1, negative energy
resistance 3, inhibited regeneration, torment resistance, unbreathing
a: no special abilities


You were on level 3 of the Dungeon.
You were not hungry.

You visited 1 branch of the dungeon, and saw 3 of its levels.

You collected 67 gold pieces.

Inventory:

Hand Weapons
 n - a +0 mace (weapon)
Armour
 a - a +0 robe (worn)
Scrolls
 d - 2 scrolls of fog {unknown}
 g - a scroll of fear
 h - 3 scrolls of identify
 j - 3 scrolls of remove curse
 p - a scroll of magic mapping {unknown}
Potions
 i - a potion of berserk rage {unknown}
 k - a potion of curing {unknown}
 l - 2 potions of lignification {unknown}
 m - a potion of ambrosia {unknown}
 o - a potion of heal wounds {unknown}
Books
 b - a book of Frost

   Spells                             Type                      Level
   a - Freeze                         Ice                          1
   b - Throw Frost                    Conjuration/Ice              2
   c - Ozocubu's Armour               Charms/Ice                   3
   d - Throw Icicle                   Conjuration/Ice              4
   e - Summon Ice Beast               Ice/Summoning                4
Comestibles
 c - 2 meat rations
 f - 3 royal jellies
 q - a chunk of flesh


   Skills:
 + Level 0.7 Fighting
 + Level 2.2 Dodging
 + Level 2.9 Stealth
 + Level 0.4 Unarmed Combat
 + Level 2.5 Spellcasting
 + Level 0.8 Conjurations
 + Level 4.1 Ice Magic


You had 2 spell levels left.
You knew the following spells:

 Your Spells              Type           Power        Failure   Level  Hunger
a - Freeze                Ice            ##..         5%          1    ##.....
b - Throw Frost           Conj/Ice       #.....       16%         2    ###....
c - Ozocubu's Armour      Chrm/Ice       #.......     34%         3    ####...


Dungeon Overview and Level Annotations

Branches:
Dungeon (3/15)

Altars:
Makhleb


Innate Abilities, Weirdness & Mutations

Your body is rotting away.
You thrive on raw meat.
You are immune to poison.
You have sharp fingernails.
You are carnivorous and can eat meat at any time.
Your flesh is cold resistant. (rC+)
You are immune to negative energy. (rN+++)
You do not regenerate when monsters are visible.
You are immune to unholy pain and torment.
You can survive without breathing.


Message History

You freeze the gnoll.
The gnoll is heavily wounded.
The gnoll hits you with a halberd!
* * * LOW HITPOINT WARNING * * *
Unknown command.
You barely miss the gnoll.
The gnoll is heavily wounded.
The gnoll hits you with a halberd.
* * * LOW HITPOINT WARNING * * *
Unknown command.
You hit the gnoll.
The gnoll is almost dead.
The gnoll closely misses you.
You hit the gnoll but do no damage.
The gnoll is almost dead.
The gnoll completely misses you.
You closely miss the gnoll.
The gnoll is almost dead.
The gnoll hits you with a halberd.
You die...

....#. #....... .....
#<.....########..#
#................#
#....#.########..##
#..................
######...##.#########.##
..!....#.##.#########.##
#g@................
###.##.#########.##
..<##.# #.#
######.#########.#
#...........#
#############


You could see a gnoll.

Vanquished Creatures
  A gnoll (D:1)
  2 worms (D:2)
  4 dart slugs
  A leopard gecko (D:1)
  4 bats
  5 giant cockroaches
  9 goblins
  4 hobgoblins
  8 jackals
  8 kobolds
  A quokka (D:2)
  5 frilled lizards
  5 rats
57 creatures vanquished.

Notes
Turn   | Place    | Note
-------+----------+-------------------------------------------
     0 | D:1      | dvd the Ghoul Ice Elementalist began the quest for the Orb.
     0 | D:1      | Reached XP level 1. HP: 14/14 MP: 2/2
   136 | D:1      | Reached XP level 2. HP: 4/20 MP: 0/3
   747 | D:1      | Reached XP level 3. HP: 26/26 MP: 2/5
   980 | D:1      | Learned a level 2 spell: Throw Frost
  1535 | D:2      | Reached XP level 4. HP: 12/33 MP: 0/6
  1683 | D:2      | Reached skill level 4 in Ice Magic
  1688 | D:2      | Learned a level 3 spell: Ozocubu's Armour
  2032 | D:2      | Found a burning altar of Makhleb.
  2571 | D:3      | Slain by a gnoll

Skill      XL: |  1  2  3  4 |
---------------+-------------+-----
Dodging        | 2 |  2.2
Spellcasting   | 2 |  2.5
Ice Magic      | 4 |  4.1
Fighting       | |  0.7
Stealth        | |  2.9
Unarmed Combat | |  0.4
Conjurations   | |  0.8

Action                   |  1- 3 |  4- 6 || total
-------------------------+-------+-------++-------
Melee: Unarmed           |    72 |     5 ||    77
       Mace              |       |    27 ||    27
 Cast: Freeze            |    51 |    24 ||    75
       Throw Frost       |     2 |     9 ||    11
       Ozocubu's Armour  |       |     1 ||     1
  Use: Scroll            |     1 |     3 ||     4
 Stab: Sleeping          |     3 |     3 ||     6
  Eat: Chunk             |    20 |    15 ||    35
Armor: Robe              |    21 |    10 ||    31
Dodge: Dodged            |    86 |    30 ||   116
